Map: Galactic Process LE

Players

Fropez

  • Race: Protoss Protoss
  • League: Gold
  • Spawn Location: 1:00

silvermouse - Winner!

  • Race: Terran Terran
  • League: Gold
  • Spawn Location: 7:00

VOD

Have the link to the VOD?

Description

Time

  • Played on: Sept. 28, 2016, 11:28 a.m.
  • Length: 10:17
Show
View Real Time Build Order
Export as new Build Order

Fropez Protoss 

Build Orders:  

Get SALT Encoding   

  12  0:01  Probe (Chrono Boost)  
  13  0:15  Pylon  
  13  0:18  Probe (Chrono Boost)  
  14  0:29  Probe (Chrono Boost)  
  14  0:34  Gateway  
  15  0:39  Probe (Chrono Boost)  
  16  0:45  Assimilator  
  16  0:51  Probe (Chrono Boost)  
  17  1:02  Probe (Chrono Boost)  
  18  1:06  Pylon  
  18  1:13  Probe (Chrono Boost)  
  18  1:17  Pylon  
  19  1:23  Probe (Chrono Boost)  
  20  1:26  Cybernetics Core  
  20  1:34  Probe (Chrono Boost)  
  21  1:44  Probe (Chrono Boost)  
  22  1:48  Assimilator  
  22  2:00  Pylon  
  23  2:03  Mothership Core (Chrono Boost)  
  23  2:06  Warp Gate (Chrono Boost)  
  24  2:23  Probe  
  24  2:26  Gateway  
  25  2:35  Probe  
  25  2:46  Adept  
  25  2:47  Probe  
  28  2:59  Probe  
  28  3:03  Nexus  
  29  3:09  Pylon  
  29  3:11  Probe  
  30  3:13  Adept  
  30  3:18  Adept  
  34  3:44  Gateway  
  34  3:47  Probe  
  35  3:48  Gateway  
  35  3:52  Pylon  
  35  3:59  Probe  
  36  4:10  Adept  
  36  4:11  Probe  
  38  4:21  Adept  
  38  4:23  Probe  
  41  4:31  Adept  
  41  4:35  Probe  
  41  4:36  Probe  
  45  4:42  Pylon  
  45  4:44  Assimilator  
  45  4:59  Twilight Council, Probe  
  46  5:01  Robotics Facility  
  46  5:02  Probe  
  46  5:03  Pylon  
  46  5:07  Adept  
  49  5:27  Adept x4  
  57  5:29  Probe  
  57  5:31  Probe  
  57  5:33  Assimilator  
  59  5:38  Resonating Glaives (Chrono Boost)  
  59  5:41  Probe  
  60  5:43  Pylon  
  60  5:52  Probe  
  60  5:55  Probe  
  61  5:58  Pylon  
  53  6:14  Adept  
  53  6:15  Adept x3  
  45  6:43  Stalker  
  47  6:52  Probe  
  45  6:57  Observer (Chrono Boost)  
  46  7:06  Probe  
  47  7:10  Probe  
  48  7:18  Probe  
  48  7:21  Probe  
  49  7:32  Adept  
  49  7:35  Observer (Chrono Boost)  
  53  7:44  Probe  
  51  8:25  Adept  
  51  8:26  Adept x3  
  53  8:27  Probe  
  54  8:36  Probe  
  54  8:40  Probe  
  56  8:52  Pylon, Probe  
  53  9:01  Stalker  
  47  9:12  Adept x3  
  53  9:28  Probe  
  52  9:52  Adept x2  
Show
View Real Time Build Order
Export as new Build Order

silvermouse Terran - Winner!

Build Orders: Reaper Expand, MMM Bio 

Get SALT Encoding   

  12  0:01  SCV  
  13  0:13  SCV  
  14  0:17  Supply Depot  
  14  0:25  SCV  
  15  0:39  SCV  
  15  0:41  Barracks  
  16  0:46  Refinery  
  16  0:54  SCV  
  17  1:06  SCV  
  18  1:18  SCV  
  19  1:30  Reaper  
  19  1:31  Orbital Command  
  20  1:53  Command Center  
  20  2:08  Factory  
  20  2:12  Marine  
  20  2:15  Supply Depot  
  21  2:21  Refinery  
  21  2:24  SCV  
  22  2:36  SCV  
  23  2:40  Barracks Reactor  
  23  2:42  Barracks  
  23  2:48  SCV  
  23  2:51  Engineering Bay  
  24  3:01  Starport  
  24  3:15  Orbital Command  
  24  3:20  Marine  
  24  3:21  Marine  
  26  3:31  Barracks Tech Lab  
  26  3:36  SCV  
  26  3:41  Marine  
  28  3:42  Marine  
  28  3:43  Starport Reactor  
  29  3:49  Missile Turret  
  29  3:53  Missile Turret  
  29  3:57  SCV x2  
  29  4:00  Marine  
  29  4:01  Stimpack, Marine x2  
  34  4:23  SCV  
  35  4:25  Marine x2  
  35  4:26  Marine  
  35  4:27  Medivac x2  
  35  4:29  Widow Mine  
  44  4:36  SCV x2  
  46  4:48  Supply Depot  
  46  4:53  Marine x3, SCV x2  
  51  5:02  Supply Depot  
  51  5:11  Marine x3  
  51  5:13  Medivac x2  
  58  5:18  SCV x2  
  60  5:29  Marine x3  
  63  5:37  Supply Depot  
  63  5:40  Supply Depot, Engineering Bay  
  63  5:43  SCV x2, Refinery  
  63  5:46  Refinery  
  63  5:47  Marine x3  
  63  5:48  Supply Depot, Medivac  
  70  6:03  Supply Depot  
  70  6:05  SCV x2  
  71  6:17  SCV  
  63  6:29  Marine x2  
  63  6:30  Barracks  
  64  6:41  Barracks  
  64  6:47  Barracks  
  55  7:00  Marine x3  
  58  7:03  Combat Shields  
  58  7:04  Medivac x2  
  62  7:17  Marine  
  62  7:18  Marine x2  
  63  7:24  Liberator  
  63  7:27  Marine  
  64  7:33  SCV x2, Command Center  
  64  7:35  Marine x2  
  71  7:44  Marine x2  
  71  8:08  SCV  
  71  8:18  SCV  
  67  8:20  SCV  
  66  8:27  Marine x3  
  66  8:30  Marine x3  
  66  8:31  SCV  
  66  8:33  SCV  
  74  8:43  SCV  
  74  8:45  Marine x2, SCV  
  78  8:49  Marine  
  78  8:52  Orbital Command  
  78  8:55  SCV  
  80  8:57  SCV  
  80  8:58  Sensor Tower  
  80  9:07  SCV  
  79  9:10  Marine x3  
  79  9:12  Concussive Shells, Barracks Tech Lab  
  79  9:14  Barracks Reactor  
  82  9:19  Barracks  
  82  9:25  Marine  
  82  9:28  Marine  
  82  9:51  Marine x5  
  82  9:52  Marauder x2  
Tags
 
Composition
MMM Bio
League
GoldGold
Matchup
PvT
Replay Pack
All Mines
Spawn Locations
Cross Positions
Add a new tag
Caveats
  • Supply blocks, unpowered buildings, or Contaminate may cause inaccurate times.
  • Supply counts are checked every 10 seconds.